 Dungeon Crawl Stone Soup version 0.27-a0-988-g25969acef8 (webtiles) character file.

Game seed: 11832768096866960742

527 funkygono the Firebug (level 7, -4/52 HPs)
             Began as a Yellow Draconian Fire Elementalist on Apr 16, 2021.
             Slain by a gnoll sergeant
             ... wielding a +1 trident of flaming
              (9 damage)
             ... on level 4 of the Dungeon.
             The game lasted 00:09:51 (4224 turns).

funkygono the Firebug (DrFE)                        Turns: 4224, Time: 00:09:52

Health: -4/52      AC:  6    Str: 11    XL:     7   Next: 3%
Magic:  6/13       EV: 12    Int: 17    God:
Gold:   188        SH:  0    Dex: 11    Spells: 6/14 levels left

rFire    . . .     SeeInvis .   h - +0 whip
rCold    . . .     Faith    .   (no shield)
rNeg     . . .     Spirit   .   (armour unavailable)
rPois    .         Reflect  .   (helmet restricted)
rElec    .         Harm     .   (no cloak)
rCorr    +         Rampage  .   (no gloves)
Will     .....                  (no boots)
Stlth    ++........             b - amulet of regeneration
HPRegen  1.17/turn              g - +4 ring of slaying
MPRegen  0.13/turn              (no ring)

@: short of breath
A: spit acid, AC +6, unfitting armour, cold-blooded, acid resistance
a: Breathe Acid


You were on level 4 of the Dungeon.
You visited 1 branch of the dungeon, and saw 4 of its levels.

You collected 188 gold pieces.

Inventory:

Hand Weapons
 e - a +0 dagger of freezing
 h - a +0 whip (weapon)
 l - a +2 dagger of holy wrath
Missiles
 i - 2 boomerangs of dispersal
 k - 5 curare-tipped darts
 q - 2 atropa-tipped darts
Jewellery
 b - an amulet of regeneration (around neck)
 g - a +4 ring of slaying (left hand)
Wands
 m - a wand of digging (6)
Scrolls
 j - a scroll of fear
 n - a scroll of magic mapping {unknown}
 o - a scroll of enchant armour {unknown}
 p - 2 scrolls of identify {unknown}
 r - a scroll of immolation {unknown}
Potions
 a - 3 potions of heal wounds {unknown}
 c - 2 potions of might {unknown}
 d - 4 potions of flight {unknown}
 f - 2 potions of degeneration {unknown}


   Skills:
 + Level 1.1 Fighting
 + Level 0.1 Maces & Flails
 + Level 2.3 Dodging
 - Level 1.7 Stealth
 * Level 4.4 Spellcasting
 * Level 3.5 Conjurations
 * Level 5.1 Fire Magic


You had 6 spell levels left.
You knew the following spells:

 Your Spells              Type           Power      Damage    Failure   Level
a - Foxfire               Conj/Fire      72%        2x1d7     2%          1
b - Conjure Flame         Conj/Fire      18%        6-21      8%          3
c - Sticky Flame          Conj/Fire      18%        2d4       26%         4

Your spell library contained the following spells:

 Spells                   Type           Power      Damage    Failure   Level
 Shock                    Conj/Air       36%        1d5       8%          1
 Static Discharge         Conj/Air       9%         N/A       11%         2
 Inner Flame              Hex/Fire       12%        N/A       16%         3
 Swiftness                Air            3%         N/A       41%         3
 Fireball                 Conj/Fire      9%         3d6       56%         5
 Airstrike                Air            1%         N/A       83%         4
 Lightning Bolt           Conj/Air       4%         1d16      90%         5


Dungeon Overview and Level Annotations

Branches:
Dungeon (4/15)
 Temple: D:4-7

Altars:
Nemelex Xobeh
Okawaru
Vehumet


Innate Abilities, Weirdness & Mutations

You can spit globs of acid.
Your golden yellow scales are hard. (AC +6)
You cannot fit into any form of body armour.
You are cold-blooded and may be slowed by cold attacks.
You are resistant to acid. (rCorr)


Message History

The foxfire hits the gnoll sergeant but does no damage.
The gnoll sergeant is moderately wounded.
The foxfire hits the gnoll sergeant but does no damage.
The gnoll sergeant is moderately wounded.
The gnoll sergeant hits you from afar with a +1 trident of flaming!
The gnoll sergeant burns you.
Casting: Foxfire (safe; 2% risk of failure)
Confirm with . or Enter, or press ? or * to list all spells.
You conjure some foxfire!
The foxfire hits the gnoll sergeant but does no damage.
The gnoll sergeant is moderately wounded.
The foxfire hits the gnoll sergeant but does no damage.
The gnoll sergeant is moderately wounded.
The foxfire hits the gnoll sergeant but does no damage.
The gnoll sergeant is moderately wounded.
The gnoll sergeant hits you from afar with a +1 trident of flaming!
The gnoll sergeant burns you.
Your foxfire dissipates!
A gnoll comes into view. It is wielding a +0 whip.
The foxfire hits the gnoll sergeant but does no damage.
The gnoll sergeant is moderately wounded.
The gnoll hits you from afar with a +0 halberd!
Okay, then.
Okay, then.
The gnoll sergeant hits you from afar with a +1 trident of flaming!
* * * LOW HITPOINT WARNING * * *
The gnoll sergeant burns you!
* * * LOW HITPOINT WARNING * * *
Press: ? - help, Shift-Dir - straight line, f - gnoll sergeant
Aim: a gnoll sergeant, wielding a +1 trident of flaming, wearing a +0 ring mail and wearing a +0 buckler (moderately wounded)
You spit a glob of acid.
The glob of acid hits the gnoll sergeant.
The gnoll sergeant is splashed with acid.
The acid corrodes the gnoll sergeant!
The gnoll sergeant is severely wounded.
The acid splashes onto the hound skeleton!
The hound skeleton is splashed with acid.
The gnoll shouts!
The gnoll sergeant hits you from afar with a +1 trident of flaming!
You die...

###........#
......g....#
#.......# #...)$#
.#####.[..##
........Z##
######.#g# #.#.#
#.#@# #...# ##...##
#.....# ##...##
##..# . ### #..#
... #..
#..##.......#####.#
#.............(....


You could see a gnoll sergeant (corroded), a gnoll and a hound skeleton.

Vanquished Creatures
  An ice beast (D:4)
  A scorpion (D:3)
  An orc priest (D:3)
  A hound (D:4)
  3 orc wizards
  Natasha (D:4)
  A hound skeleton (D:4)
  5 gnolls
  6 adders
  An adder skeleton (D:4)
  2 dart slugs (D:3)
  14 orcs
  3 ball pythons
  5 endoplasms
  3 giant cockroaches
  6 goblins
  8 hobgoblins
  9 jackals
  9 kobolds
  2 quokkas
  5 bats
  7 rats
94 creatures vanquished.

Vanquished Creatures (others)
  374 foxfires
  2 fungi (D:1)
  11 plants (D:1)
387 creatures vanquished.

Grand Total: 481 creatures vanquished

Notes
Turn   | Place    | Note
-------+----------+-------------------------------------------
     0 | D:1      | funkygono the Draconian Fire Elementalist began the quest
                  | for the Orb.
     0 | D:1      | Reached XP level 1. HP: 14/14 MP: 3/3
   472 | D:1      | Reached XP level 2. HP: 20/20 MP: 1/5
   839 | D:1      | Found a faded altar of an unknown god.
  1068 | D:2      | Reached XP level 3. HP: 26/26 MP: 3/6
  1072 | D:2      | Learned a level 3 spell: Conjure Flame
  1295 | D:2      | Reached skill level 1 in Fighting
  1533 | D:2      | Reached skill level 4 in Fire Magic
  1583 | D:2      | Reached XP level 4. HP: 35/35 MP: 4/7
  1588 | D:2      | Learned a level 4 spell: Sticky Flame
  2494 | D:3      | Reached XP level 5. HP: 40/40 MP: 6/9
  3513 | D:4      | Noticed an ice beast
  3529 | D:4      | Killed an ice beast
  3530 | D:4      | Reached XP level 6. HP: 47/47 MP: 6/11
  3634 | D:4      | Found a sparkling altar of Nemelex Xobeh.
  3689 | D:4      | Found an iron altar of Okawaru.
  3846 | D:4      | Found a radiant altar of Vehumet.
  3943 | D:3      | Reached skill level 5 in Fire Magic
  4098 | D:4      | Noticed Natasha
  4104 | D:4      | Killed Natasha
  4105 | D:4      | Your scales start taking on a golden yellow colour.
  4105 | D:4      | Reached XP level 7. HP: 52/52 MP: 10/13
  4105 | D:4      | Gained mutation: You are resistant to acid. (rCorr) [Yellow
                  | Draconian growth]
  4224 | D:4      | Slain by a gnoll sergeant

Illustrated notes

Levels and vault maps discovered:
D:1:      lightli_arrival_isolated_outpost, layout_basic,
          shapermc_ecumenical_altar_mp_ritualfount
D:2:      layout_basic, minmay_box_of_dots
D:3:      layout_rooms, lemuel_another_geyser
D:4:      layout_loops_ring, lemuel_round_altar, kennysheep_mini_moat,
          chequers_temple_overflow_statue_of_worship, ebering_ghost_sewer_f,
          uniq_natasha

Skill      XL: |  1  2  3  4  5  6 |
---------------+-------------------+-----
Fighting       | 1 |  1.1
Dodging        | 2 |  2.3
Fire Magic     | 4 5 |  5.1
Spellcasting   | 3 4 |  4.4
Conjurations   | 2 3 |  3.5
Maces & Flails | |  0.1
Stealth        | |  1.7

Action                   |  1- 3 |  4- 6 |  7- 9 || total
-------------------------+-------+-------+-------++-------
Melee: Whip              |     3 |    13 |       ||    16
 Cast: Foxfire           |    55 |   143 |    16 ||   214
       Conjure Flame     |       |     2 |       ||     2
       Sticky Flame      |       |     1 |       ||     1
 Abil: Breathe Acid      |       |       |     1 ||     1
  Use: Scroll            |     2 |     2 |       ||     4
 Stab: Sleeping          |     1 |       |       ||     1
Armor: Skin              |    13 |    14 |       ||    27
Dodge: Dodged            |    23 |    30 |       ||    53

Table legend: (Time is in decaauts)
 A = Elapsed time spent in this place.
 B = Non-inter-level travel time spent in this place.
 C = Inter-level travel time spent in this place.
 D = Time resting spent in this place.
 E = Time spent auto-exploring this place.
 F = Levels seen in this place.
 G = Mean time per level.
                   A        B        C        D        E       F      G
               +--------+--------+--------+--------+--------+-----+--------+
         Total |   4233 |   4155 |     78 |    114 |   3145 |   4 | 1058.2 |
       Dungeon |   4233 |   4155 |     78 |    114 |   3145 |   4 | 1058.2 |
               +--------+--------+--------+--------+--------+-----+--------+

Top non-repeatable levels by time:
     D:2: 1464 daAuts
     D:1: 1097 daAuts
     D:3: 960 daAuts
     D:4: 710 daAuts
